 Dungeon Crawl Stone Soup version 0.31-a0-154-g56bf346678 (webtiles) character file.

Game seed: 628949045818935951

35 comborobin the Sneak (level 3, 0/22 HPs)
             Began as a Deep Elf Delver on June 11, 2023.
             Slain by an orc
             ... wielding a +0 club
              (4 damage)
             ... on level 3 of the Dungeon.
             The game lasted 00:01:26 (719 turns).

comborobin the Sneak (Deep Elf Delver)               Turns: 719, Time: 00:01:26

Health: 0/22       AC:  3    Str:  9    XL:     3   Next: 16%
Magic:  5/5        EV: 12    Int: 14    God:
Gold:   41         SH:  0    Dex: 18    Spells: 2/2 levels left

rFire   . . .        a - +1 dagger (freeze)
rCold   + . .        (no shield)
rNeg    . . .        b - +0 leather armour
rPois   .            (no helmet)
rElec   .            (no cloak)
rCorr   .            (no gloves)
SInv    .            (no boots)
Will    .....        (no amulet)
Stlth   +++          h - ring of protection from cold
HPRegen 0.23/turn    (no ring)
MPRegen 0.09/turn

%: no passive effects
@: no status effects
A: no striking features
a: no special abilities


You were on level 3 of the Dungeon.
You visited 1 branch of the dungeon, and saw 3 of its levels.

You collected 41 gold pieces.

Inventory:

Hand Weapons
 a - a +1 dagger of freezing (weapon)
 l - a +0 short sword
Armour
 b - a +0 leather armour (worn)
Magical Staves
 j - a staff of death
Jewellery
 h - a ring of protection from cold (left hand)
Wands
 d - a wand of paralysis (4)
 g - a wand of digging (2)
Scrolls
 c - a scroll of fog
 f - a scroll of brand weapon {unknown}
 i - a scroll of teleportation {unknown}


   Skills:
 - Level 2.4 Fighting
 - Level 3.6 Short Blades
 - Level 2.4 Dodging
 - Level 6.0 Stealth
 + Level 0.0 Evocations


You had 2 spell levels left.
You didn't know any spells.
Your spell library was empty.

Dungeon Overview and Level Annotations

Branches:
Dungeon (5/15)
 Temple: D:4-7

Altars:
Trog

Shops:
D:3 !


Message History

Aiming: Paralyse
Press: ? - help, Shift-Dir - straight line, f - orc priest
Aim: an orc priest, wielding a +0 mace and wearing a +0 scale mail (chance to affect: 49%)
The orc priest resists with some effort.
The orc priest barely misses you. The orc closely misses you.
The orc hits you but does no damage.
Unknown command.
Aiming: Paralyse
Press: ? - help, Shift-Dir - straight line, f/p - orc priest
Aim: an orc priest, wielding a +0 mace and wearing a +0 scale mail (chance to affect: 49%)
The orc priest resists with some effort.
The orc priest calls down the wrath of Beogh upon you.
You barely resist.
The orc hits you from afar with a +0 trident.
The orc hits you with a +0 club.
Unknown command.
Aiming: Paralyse
Press: ? - help, Shift-Dir - straight line, f/p - orc priest
Aim: an orc priest, wielding a +0 mace and wearing a +0 scale mail (chance to affect: 49%)
The orc priest resists with some effort.
The orc barely misses you.
An orc priest comes into view. It is wielding a +0 short sword.
The orc hits you with a +0 club.
Unknown command.
Aiming: Paralyse
Press: ? - help, Shift-Dir - straight line, f/p - orc priest
Aim: an orc priest, wielding a +0 mace and wearing a +0 scale mail (chance to affect: 49%)
The orc priest resists with some effort.
The orc priest begins to cast a cantrip, but forgets the words!
The orc barely misses you. The orc closely misses you.
Unknown command.
Aiming: Paralyse
Press: ? - help, Shift-Dir - straight line, f/p - orc priest
Aim: an orc priest, wielding a +0 mace and wearing a +0 scale mail (chance to affect: 49%)
The orc priest resists with some effort.
The orc priest hits you with a +0 mace.
The orc hits you from afar with a +0 trident.
* * * LOW HITPOINT WARNING * * *
The orc hits you with a +0 club.
You die...

#.#.# #.#.#.#.#
#..# #....# #..#
#.#.####..# ##...#
#..
##.......#######.#
...
###...........# ##
..#...#######.#
#o#...# #.# #
#o#...# #.#
#.#.#...## #..
#.o@o.?..# #.#
#.#.#............
# #.#..#.##### ..
#.#..#.# #.#..#.#
.....#.# #.##.#
$.....


You could see 2 orc priests and 2 orcs.

Vanquished Creatures
  Ijyb (D:3)
  A dart slug (D:5)
  2 orcs (D:3)
  An endoplasm (D:3)
  A goblin (D:3)
6 creatures vanquished.

Notes
Turn   | Place    | Note
-------+----------+-------------------------------------------
     0 | D:5      | comborobin the Deep Elf Delver began the quest for the Orb.
     0 | D:5      | Reached XP level 1. HP: 13/13 MP: 3/3
    45 | D:5      | Noticed a hound
    92 | D:4      | Noticed a phantom
   118 | D:3      | Found Jiarhekh's Distillery.
   149 | D:4      | Noticed a scorpion
   175 | D:3      | Reached XP level 2. HP: 18/18 MP: 4/4
   366 | D:3      | Noticed Ijyb
   384 | D:3      | Killed Ijyb
   385 | D:3      | Reached XP level 3. HP: 19/22 MP: 5/5
   658 | D:3      | Found a bloodstained altar of Trog.
   719 | D:3      | Slain by an orc

Illustrated notes

Levels and vault maps discovered:
D:3:      layout_basic, lemuel_doored_altar, serial_shops, shop, minivault_23,
          grunt_decor_cap, uniq_terence, uniq_ijyb
D:4:      layout_cave_pods, minmay_temple_entry_junction_2
D:5:      layout_cave_pools, serial_rivers, chequers_serial_rivers_large_b,
          chequers_serial_rivers_micro_c, chequers_serial_rivers_small_a,
          chequers_serial_rivers_micro_b

Skill      XL: |  1  2 |
---------------+-------+-----
Short Blades   | 3 |  3.6
Fighting       | |  2.4
Dodging        | |  2.4
Stealth        | |  6.0

Action                     || total
---------------------------++-------
  Melee: Short sword       ||    17
         Dagger            ||     8
         Unarmed           ||     6
         Punch             ||     1
  Evoke: Wand              ||     6
    Use: Scroll            ||     2
         Potion            ||     4
   Stab: Sleeping          ||     2
 Armour: Leather armour    ||     5
         Skin              ||     6
  Dodge: Dodged            ||    20

Table legend: (Time is in decaauts)
 A = Elapsed time spent in this place.
 B = Non-inter-level travel time spent in this place.
 C = Inter-level travel time spent in this place.
 D = Time resting spent in this place.
 E = Time spent auto-exploring this place.
 F = Levels seen in this place.
 G = Mean time per level.
                   A        B        C        D        E       F      G
               +--------+--------+--------+--------+--------+-----+--------+
         Total |    696 |    696 |      0 |    263 |    245 |   3 |  232.0 |
       Dungeon |    696 |    696 |      0 |    263 |    245 |   3 |  232.0 |
               +--------+--------+--------+--------+--------+-----+--------+

Top non-repeatable levels by time:
     D:3: 593 daAuts
     D:5: 60 daAuts
     D:4: 42 daAuts
